 Dungeon Crawl Stone Soup version 0.28.0-55-gcd9437bce4 (webtiles) character file.

Game seed: 12064193425774563582

75 Atelerd the Sneak (level 4, -26/27 HPs)
             Began as an Octopode Earth Elementalist on Jan 4, 2023.
             Killed from afar by Ijyb (31 damage)
             ... with a bolt of acid
             ... on level 3 of the Dungeon.
             The game lasted 00:03:05 (3154 turns).

Atelerd the Sneak (Octopode Earth Elementalist)     Turns: 3154, Time: 00:03:05

Health: -26/27     AC:  1    Str:  7    XL:     4   Next: 31%
Magic:  3/7        EV: 13    Int: 19    God:
Gold:   46         SH:  0    Dex: 12    Spells: 7/8 levels left

rFire   . . .      SeeInvis .   e - +0 dagger (venom)
rCold   . . .      Faith    .   (no shield)
rNeg    . . .      Spirit   .   (helmet restricted)
rPois   .          Reflect  .   (no amulet)
rElec   .          Harm     .   (no ring)
rCorr   .          Rampage  .   (no ring)
Will    .....                   (no ring)
Stlth   +++.......              (no ring)
HPRegen 0.09/turn               (no ring)
MPRegen 0.10/turn               (no ring)
                                (no ring)
                                (no ring)

@: no status effects
A: almost no armour, amphibious, 8 rings, camouflage 1, gelatinous body 1,
(nimble swimmer 1), tentacles
a: no special abilities


You were on level 3 of the Dungeon.
You visited 1 branch of the dungeon, and saw 3 of its levels.

You collected 46 gold pieces.

Inventory:

Hand Weapons
 d - a +0 short sword
 e - a +0 dagger of venom (weapon)
Missiles
 b - 44 stones
Scrolls
 a - a scroll of enchant weapon {unknown}
 g - 2 scrolls of teleportation {unknown}
 h - a scroll of magic mapping {unknown}
 i - a scroll of fog {unknown}
 j - 3 scrolls of immolation {unknown}
 k - a scroll of vulnerability {unknown}
 l - a scroll of torment {unknown}
 n - a scroll of identify {unknown}
Potions
 c - a potion of brilliance {unknown}
 f - a potion of attraction {unknown}
 m - a potion of flight {unknown}


   Skills:
 - Level 2.0 Dodging
 * Level 4.1 Stealth
 + Level 2.5 Spellcasting
 * Level 2.2 Transmutations
 + Level 3.4 Earth Magic


You had 7 spell levels left.
You knew the following spells:

 Your Spells              Type           Power      Damage    Failure   Level
a - Sandblast             Erth           30%        2d9       4%          1

Your spell library contained the following spells:

 Spells                   Type           Power      Damage    Failure   Level
 Passwall                 Tmut/Erth      10%        N/A       8%          2
 Stone Arrow              Conj/Erth      16%        3d8       24%         3
 Petrify                  Tmut/Erth      13%        N/A       45%         4


Dungeon Overview and Level Annotations

Branches:
Dungeon (3/15)

Altars:

Annotations:
D:1 exclusion: downstairs
D:2 exclusion: downstairs
D:3 Ijyb


Innate Abilities, Weirdness & Mutations

You cannot wear most types of armour.
You are amphibious.
You can wear up to eight rings at the same time.
Your skin changes colour to match your surroundings (Stealth+).
Your rubbery body absorbs attacks. (AC +1, EV +1)
((You are camouflaged when in or above water. (Stealth+)))
You have tentacles for arms and can constrict up to eight enemies at once.


Message History

Confirm with . or Enter, or press ? or * to list all spells.
Aiming: Sandblast (safe; 4% risk of failure)
Press: ? - help, Shift-Dir - straight line, f - Ijyb
Aim: Ijyb, wielding a +4 spectral club, wearing a +0 ring mail and carrying a wand of acid (10) (lightly wounded, constricted by you, 100% to hit)
The blast of sand hits Ijyb but does no damage.
Ijyb is lightly wounded.
You constrict Ijyb, but do no damage.
Ijyb zaps a wand.
The bolt of acid misses you.
Unknown command.
Casting: Sandblast (safe; 4% risk of failure)
Confirm with . or Enter, or press ? or * to list all spells.
Aiming: Sandblast (safe; 4% risk of failure)
Press: ? - help, Shift-Dir - straight line, f/p - Ijyb
Aim: Ijyb, wielding a +4 spectral club, wearing a +0 ring mail and carrying a wand of acid (9) (lightly wounded, constricted by you, 100% to hit)
The blast of sand hits Ijyb but does no damage.
Ijyb is lightly wounded.
You constrict Ijyb. Ijyb hits you with a +4 spectral club.
* * * LOW HITPOINT WARNING * * *
Unknown command.
Okay, then.
Casting: Sandblast (safe; 4% risk of failure)
Confirm with . or Enter, or press ? or * to list all spells.
Aiming: Sandblast (safe; 4% risk of failure)
Press: ? - help, Shift-Dir - straight line, f/p - Ijyb
Aim: Ijyb, wielding a +4 spectral club, wearing a +0 ring mail and carrying a wand of acid (9) (moderately wounded, constricted by you, 100% to hit)
The blast of sand hits Ijyb but does no damage.
Ijyb is moderately wounded.
You constrict Ijyb. Ijyb misses you.
Unknown command.
Casting: Sandblast (safe; 4% risk of failure)
Confirm with . or Enter, or press ? or * to list all spells.
Aiming: Sandblast (safe; 4% risk of failure)
Press: ? - help, Shift-Dir - straight line, f/p - Ijyb
Aim: Ijyb, wielding a +4 spectral club, wearing a +0 ring mail and carrying a wand of acid (9) (moderately wounded, constricted by you, 100% to hit)
The blast of sand hits Ijyb but does no damage.
Ijyb is moderately wounded.
You constrict Ijyb, but do no damage.
Ijyb zaps a wand.
The bolt of acid hits you!!
Ouch! That really hurt!
You die...

## #. #. #. #.
#.########
####.g.......
#.?..@#
#.....#######.#
#.....#.......#
#...>..........
#.....#.#######
#######.# #.#
#.# #.#


You could see Ijyb.

Vanquished Creatures
  2 adders (D:2)
  2 worms (D:2)
  A dart slug (D:1)
  4 bats
  8 endoplasms
  A giant cockroach (D:2)
  3 goblins
  7 hobgoblins
  7 kobolds
  2 quokkas
  5 ball pythons
  A frilled lizard (D:2)
  5 rats
48 creatures vanquished.

Notes
Turn   | Place    | Note
-------+----------+-------------------------------------------
     0 | D:1      | Atelerd the Octopode Earth Elementalist began the quest for
                  | the Orb.
     0 | D:1      | Reached XP level 1. HP: 11/11 MP: 3/3
   564 | D:1      | Reached XP level 2. HP: 17/17 MP: 0/5
   772 | D:1      | Reached skill level 3 in Stealth
   959 | D:1      | Found a faded altar of an unknown god.
  1283 | D:1      | Reached XP level 3. HP: 21/21 MP: 6/6
  2239 | D:2      | Reached skill level 4 in Stealth
  2239 | D:2      | Reached XP level 4. HP: 27/27 MP: 7/7
  3146 | D:3      | Noticed Ijyb
  3154 | D:3      | Killed from afar by Ijyb

Illustrated notes

Levels and vault maps discovered:
D:1:      minmay_arrival_hallway, layout_loops_ring,
          dreamdust_ecumenical_altar_hidden_monk_grotto,
          hangedman_decor_diamond_cutter
D:2:      layout_rooms, minmay_puff
D:3:      layout_basic, moated_statue, kennysheep_another_room, uniq_ijyb

Skill      XL: |  1  2  3 |
---------------+----------+-----
Stealth        | 3 4 |  4.1
Transmutations | 2 |  2.2
Dodging        | |  2.0
Spellcasting   | |  2.5
Earth Magic    | |  3.4

Action                   |  1- 3 |  4- 6 || total
-------------------------+-------+-------++-------
Melee: Unarmed           |     2 |       ||     2
       Dagger            |    45 |    22 ||    67
       Tentacles         |    13 |     5 ||    18
       Constrict         |    14 |     6 ||    20
       Punch             |       |     1 ||     1
 Cast: Sandblast         |    21 |     8 ||    29
 Stab: Sleeping          |     7 |     2 ||     9
Armor: Skin              |     2 |     4 ||     6
Dodge: Dodged            |    22 |    18 ||    40
